 Dungeon Crawl Stone Soup version 0.30-a0-615-gb49e76e (webtiles) character file.

Game seed: 13465489714569958170

371 Fcrawl the Chopper (level 6, -9/53 HPs)
             Began as a Hill Orc Fighter on Jan 9, 2023.
             Mangled by an ogre
             ... wielding a +0 giant club
              (17 damage)
             ... on level 4 of the Dungeon.
             The game lasted 00:17:29 (3035 turns).

Fcrawl the Chopper (Hill Orc Fighter)               Turns: 3035, Time: 00:17:30

Health: -9/53      AC:  7    Str: 21    XL:     6   Next: 70%
Magic:  6/6        EV:  9    Int:  8    God:
Gold:   157        SH:  4    Dex: 10    Spells: 5/5 levels left

rFire   . . .      SeeInvis .    a - +0 war axe
rCold   . . .      Faith    .    c - +0 buckler
rNeg    . . .      Spirit   .    b - +0 scale mail
rPois   .          Reflect  .    (no helmet)
rElec   .          Harm     .    (no cloak)
rCorr   .          Rampage  .    (no gloves)
Will    .....                    (no boots) Stlth
                                 (no amulet)
HPRegen 0.28/turn                (no ring)
MPRegen 0.10/turn                (no ring)

@: no status effects
A: no striking features
a: no special abilities


You were on level 4 of the Dungeon.
You visited 1 branch of the dungeon, and saw 4 of its levels.

You collected 157 gold pieces.

Inventory:

Hand Weapons
 a - a +0 war axe (weapon)
 g - a +0 flail of protection
 o - a +0 spear
Missiles
 e - 2 atropa-tipped darts (quivered)
 f - 16 stones
Armour
 b - a +0 scale mail (worn)
 c - a +0 buckler (worn)
 k - a +0 robe
 m - a +0 leather armour
 q - a +0 chain mail
 t - a +0 robe
Scrolls
 h - 3 scrolls of fog
 j - a scroll of fear
 n - a scroll of silence {unknown}
 r - a scroll of noise {unknown}
 s - 2 scrolls of magic mapping {unknown}
 u - a scroll of amnesia {unknown}
 w - a scroll of vulnerability {unknown}
Potions
 d - 2 potions of might
 i - a potion of degeneration {unknown}
 l - a potion of lignification {unknown}
 p - a potion of resistance {unknown}
 v - a potion of berserk rage
 x - 2 potions of haste {unknown}


   Skills:
 + Level 4.6 Fighting
 + Level 6.1 Axes
 + Level 4.5 Armour
 + Level 1.6 Dodging
 + Level 4.2 Shields


You had 5 spell levels left.
You didn't know any spells.
Your spell library contained the following spells:

 Spells                   Type           Power      Damage    Failure   Level
 Ensorcelled Hibernation  Hex/Ice        0%         N/A       92%         2
 Passwall                 Tmut/Erth      0%         N/A       92%         2
 Swiftness                Air            0%         N/A       99%         3


Dungeon Overview and Level Annotations

Branches:
Dungeon (4/15)
 Temple: D:4-7

Altars:
Okawaru
Xom
The Shining One

Shops:
D:1 (


Message History

Done waiting.
You see here a +0 spear.
You see here a +0 spear.
There is a stone staircase leading down here.
You climb downwards.
There is a stone staircase leading up here.
You see here a +0 chain mail.
Found a robe.
Found a potion of might.
d - 2 potions of might (gained 1)
There are no items here.
You see here a +0 dagger.
A hobgoblin comes into view.
The hobgoblin shouts!
The hobgoblin hits you but does no damage.
You slash the hobgoblin!
You kill the hobgoblin!
An ogre comes into view. It is wielding a +0 giant club.
The ogre shouts!
An ogre is nearby!
An ogre is nearby!
You hit the ogre but do no damage. The ogre hits you with a +0 giant club!
You slash the ogre!
The ogre is heavily wounded.
The ogre closely misses you.
You hit the ogre.
The ogre is heavily wounded.
The ogre hits you with a +0 giant club!
You hit the ogre.
The ogre is heavily wounded.
The ogre hits you with a +0 giant club!!
* * * LOW HITPOINT WARNING * * *
You hear a shout!
You hit the ogre but do no damage.
The ogre is heavily wounded.
You hear a shout!
You hear a bark!
You slash the ogre!
The ogre is almost dead.
The ogre hits you with a +0 giant club!
You die...

# ##. ##.. ### #.... #.#
#...##.####
#...O@..#.#### ###
..g..##........#######.#
#.. ##.##......#..#..# #
##.###...#........
#...[<...#.#.....#
##..#....).#...... .
##.#............. ..
#..#.#...........
...#....#.###...>...


You could see an ogre and a gnoll.

Vanquished Creatures
  Edmund (D:4)
  A sky beast (D:3)
  A hound (D:3)
  An iguana (D:4)
  2 gnolls (D:4)
  2 adders (D:2)
  A white imp (D:3)
  2 worms
  5 orcs (D:3)
  A ball python (D:2)
  2 endoplasms
  3 giant cockroaches (D:1)
  4 goblins
  5 hobgoblins
  3 jackals (D:4)
  9 bats
  2 frilled lizards
  2 goblin skeletons (D:3)
  2 goblin zombies (D:3)
  4 hobgoblin zombies (D:3)
  2 kobolds
  A kobold skeleton (D:3)
  3 kobold zombies (D:3)
  An orc skeleton (D:3)
  An orc zombie (D:3)
  A rat (D:1)
62 creatures vanquished.

Vanquished Creatures (others)
  4 toadstools (D:1)
4 creatures vanquished.

Grand Total: 66 creatures vanquished

Notes
Turn   | Place    | Note
-------+----------+-------------------------------------------
     0 | D:1      | Fcrawl the Hill Orc Fighter began the quest for the Orb.
     0 | D:1      | Reached XP level 1. HP: 19/19 MP: 1/1
    40 | D:1      | Found Iwuicim's Antique Weapon Shop.
   457 | D:1      | Reached XP level 2. HP: 27/27 MP: 2/2
   727 | D:2      | Reached skill level 3 in Axes
   881 | D:2      | Reached XP level 3. HP: 21/33 MP: 3/3
  1480 | D:3      | Noticed a sky beast
  1495 | D:3      | Killed a sky beast
  1496 | D:3      | Reached skill level 4 in Axes
  1496 | D:3      | Reached XP level 4. HP: 33/40 MP: 4/4
  1496 | D:3      | Reached XP level 5. HP: 38/46 MP: 5/5
  1664 | D:4      | Noticed Edmund
  1687 | D:3      | Reached skill level 1 in Dodging
  1893 | D:3      | Reached skill level 5 in Axes
  1915 | D:3      | Found a glowing golden altar of the Shining One.
  2240 | D:3      | Found a shimmering altar of Xom.
  2240 | D:3      | Found an iron altar of Okawaru.
  2488 | D:4      | Killed Edmund
  2489 | D:4      | Reached XP level 6. HP: 36/53 MP: 6/6
  2578 | D:4      | Reached skill level 6 in Axes
  3035 | D:4      | Mangled by an ogre

Illustrated notes

Levels and vault maps discovered:
D:1:      ldierk_walled_garden_2, layout_basic, serial_shops,
          nicolae_shop_hallway_stairs, chequers_garden
D:2:      layout_basic
D:3:      layout_loops_cross, nicolae_tso_besieged_by_evil,
          gammafunk_temple_overflow_wave
D:4:      layout_cave_pools, minmay_temple_entry_butterflies, serial_shops,
          nicolae_shop_statue_plus, gammafunk_ghost_nasty_kobolds, uniq_edmund

Skill      XL: |  1  2  3  4  5  6 |
---------------+-------------------+-----
Axes           | 3 4 5 6 |  6.1
Fighting       | 4 |  4.6
Armour         | 4 |  4.5
Shields        | 4 |  4.2
Dodging        | 1 |  1.6

Action                   |  1- 3 |  4- 6 || total
-------------------------+-------+-------++-------
Melee: War axe           |   114 |   108 ||   222
  Use: Scroll            |       |     3 ||     3
Armor: Scale mail        |    75 |    51 ||   126
Dodge: Dodged            |    63 |    75 ||   138
Block: Buckler           |    39 |    28 ||    67

Table legend: (Time is in decaauts)
 A = Elapsed time spent in this place.
 B = Non-inter-level travel time spent in this place.
 C = Inter-level travel time spent in this place.
 D = Time resting spent in this place.
 E = Time spent auto-exploring this place.
 F = Levels seen in this place.
 G = Mean time per level.
                   A        B        C        D        E       F      G
               +--------+--------+--------+--------+--------+-----+--------+
         Total |   3108 |   3011 |     97 |    600 |    258 |   4 |  777.0 |
       Dungeon |   3108 |   3011 |     97 |    600 |    258 |   4 |  777.0 |
               +--------+--------+--------+--------+--------+-----+--------+

Top non-repeatable levels by time:
     D:3: 1285 daAuts
     D:2: 823 daAuts
     D:1: 679 daAuts
     D:4: 320 daAuts
